 Dungeon Crawl Stone Soup version 0.18-a0-1808-g3e993bd (webtiles) character file.

557 TheGoonsmith the Shield-Bearer (level 7, -16/52 HPs)
             Began as a Formicid Fighter on Apr 26, 2016.
             Was a Follower of Okawaru.
             Demolished by an ogre
             ... wielding a +0 giant club
              (25 damage)
             ... on level 4 of the Dungeon.
             The game lasted 00:07:09 (3602 turns).

TheGoonsmith the Shield-Bearer (Formicid Fighter)   Turns: 3602, Time: 00:07:10

Health: -16/52     AC:  9    Str: 26    XL:     7   Next: 56%
Magic:  7/7        EV:  9    Int:  7    God:    Okawaru [*.....]
Gold:   155        SH: 11    Dex: 12    Spells: 0 memorised, 6 levels left

rFire  . . .     SeeInvis +     a - +0 quarterstaff
rCold  . . .     Gourm    .     b - +0 scale mail
rNeg   . . .     Faith    .     c - +0 shield
rPois  .         Spirit   .     (helmet unavailable)
rElec  .         Dismiss  .     o - +0 cloak
rCorr  .         Reflect  .     q - +0 pair of gloves
SustAt .         Harm     .     (no boots)
MR     .....                    (no amulet)
Stlth  ..........               (no ring)
                                (no ring)

@: mighty, not resistant to hostile enchantments, extremely unstealthy
A: permanent stasis, dig shafts and tunnels, four strong arms, antennae 3
a: Dig, Shaft Self, Heroism, Renounce Religion


You were on level 4 of the Dungeon.
You worshipped Okawaru.
Okawaru was aware of your devotion.
You were not hungry.

You visited 1 branch of the dungeon, and saw 4 of its levels.

You collected 155 gold pieces.

Inventory:

Hand Weapons
 a - a +0 quarterstaff (weapon)
Missiles
 w - 99 bolts
 x - 53 arrows
 y - 158 stones (quivered)
 z - 20 sling bullets
 A - 8 poisoned needles
Armour
 b - a +0 scale mail (worn)
 c - a +0 shield (worn)
 o - a +0 cloak (worn)
 q - a +0 pair of gloves (worn)
Wands
 B - a wand of random effects (34/48)
Scrolls
 h - a scroll of teleportation {unknown}
 i - 3 scrolls of enchant armour {unknown}
 k - a scroll of amnesia {unknown}
 l - 4 scrolls of remove curse {unknown}
 m - a scroll of fear {unknown}
 n - 5 scrolls of identify {unknown}
 p - a scroll of recharging {unknown}
Potions
 e - a potion of cure mutation {unknown}
 j - a potion of magic {unknown}
 r - 2 potions of curing {unknown}
 t - a potion of resistance {unknown}
 u - a potion of lignification {unknown}
 C - a potion of berserk rage {unknown}
 D - 2 potions of heal wounds {unknown}
Comestibles
 f - 3 bread rations
 g - a beef jerky
 s - a slice of pizza
 v - a meat ration


   Skills:
 - Level 3.2 Fighting
 * Level 6.4 Staves
 - Level 3.2 Armour
 + Level 6.4 Shields


You had 6 spell levels left.
You didn't know any spells.

Dungeon Overview and Level Annotations

Branches:
Dungeon (4/15)
 Temple: D:4-7

Altars:
Fedhas
Gozag
Nemelex Xobeh
Okawaru
Vehumet
The Shining One


Innate Abilities, Weirdness & Mutations

You are under a permanent stasis effect.
You can dig through walls and to a lower floor.
Your four strong arms can wield two-handed weapons with a shield.
You have a pair of large antennae on your head (SInv).


Message History

You sense a monster nearby.
y - 158 stones (gained 23)
An ogre comes into view. It is wielding a giant club.
The ogre shouts!
An ogre is nearby!
You block the ogre's attack.
You barely miss the ogre. The ogre hits you with a giant club!!
You barely miss the ogre. The ogre hits you with a giant club!!
Ouch! That really hurt!
* * * LOW HITPOINT WARNING * * *
You are too injured to fight recklessly!
Drink which item? (? for menu, Esc to quit)
You feel very mighty all of a sudden.
You hit the ogre.
The ogre is lightly wounded.
You block the ogre's attack.
You thump the ogre!
The ogre is severely wounded.
The ogre hits you with a giant club!!
You die...

#######.........
#.#.............##
#.#.#####.#.###.##
#.#.# #.#.# #.##
#.#.# #.#># #.##
#.#.# #.#.# #.#
#.#.# #.#.# #.#
#O#.# ##.#.###.##
#@#.# #..........
#.#.####.#####..##
#........# #..#
###......# #..#
######.# #.###
#.#####....
#.......###
##.........
##########


You could see an ogre.

Vanquished Creatures
  Grinder (D:4)
  An ogre (D:4)
  Blork the orc (D:4)
  A hound (D:4)
  A giant frog skeleton (D:4)
  Robin (D:4)
  A gnoll (D:3)
  3 adders
  An ooze (D:3)
  2 worms
  2 giant geckos
  6 orcs (D:3)
  A ball python (D:4)
  9 giant cockroaches
  15 goblins
  10 hobgoblins
  4 jackals (D:1)
  9 kobolds
  A quokka (D:3)
  6 bats
  2 giant newts
  11 rats
89 creatures vanquished.

Notes
Turn   | Place    | Note
--------------------------------------------------------------
     0 | D:1      | TheGoonsmith the Formicid Fighter began the quest for the Orb.
     0 | D:1      | Reached XP level 1. HP: 18/18 MP: 1/1
    95 | D:1      | Reached XP level 2. HP: 24/24 MP: 2/2
   353 | D:1      | Reached XP level 3. HP: 29/29 MP: 3/3
  1040 | D:2      | Reached XP level 4. HP: 35/35 MP: 4/4
  1164 | D:2      | Found a sparkling altar of Nemelex Xobeh.
  1164 | D:2      | Found a radiant altar of Vehumet.
  1165 | D:2      | Found a blossoming altar of Fedhas.
  1178 | D:2      | Found an opulent altar of Gozag.
  1700 | D:3      | Found an iron altar of Okawaru.
  1734 | D:3      | Became a worshipper of Warmaster Okawaru
  1750 | D:3      | Reached skill level 5 in Shields
  1950 | D:3      | Found a glowing golden altar of the Shining One.
  2005 | D:3      | Reached XP level 5. HP: 41/41 MP: 5/5
  2941 | D:4      | Noticed Robin
  2992 | D:4      | Killed Robin
  3031 | D:4      | Noticed an ogre
  3037 | D:4      | Killed an ogre
  3037 | D:4      | Reached skill level 5 in Staves
  3037 | D:4      | Reached XP level 6. HP: 32/47 MP: 6/6
  3308 | D:4      | Noticed Blork the orc
  3319 | D:4      | Killed Blork the orc
  3349 | D:4      | Noticed Grinder
  3376 | D:4      | Killed Grinder
  3376 | D:4      | Reached * piety under Okawaru
  3376 | D:4      | Reached XP level 7. HP: 22/52 MP: 7/7
  3602 | D:4      | Demolished by an ogre

Vault maps used:
D:1:      elethiomel_arrival_quiet, feat_on_display
D:2:      nicolae_overflow_quartered_altars
D:3:      nicolae_overflow_crystal_walls, okawaru_altar_gauntlet_db
D:4:      first_bread, hangedman_decor_diamond_cutter, nicolae_alphabet_shops,
          uniq_grinder, uniq_robin, uniq_blork_the_orc

Skill      XL: |  1  2  3  4  5  6 |
---------------+-------------------+-----
Shields        | 4 5 6 |  6.4
Staves         | 3 5 6 |  6.4
Fighting       | |  3.2
Armour         | |  3.2

Action                   |  1- 3 |  4- 6 |  7- 9 || total
-------------------------+-------+-------+-------++-------
Melee: Quarterstaff      |    99 |   193 |     4 ||   296
  Use: Potion            |       |       |     1 ||     1
  Eat: Chunk             |       |     7 |       ||     7
       Beef jerky        |       |     1 |       ||     1
Armor: Scale mail        |    36 |    66 |       ||   102
Dodge: Dodged            |    40 |    57 |       ||    97
Block: Shield            |    52 |    97 |     2 ||   151
